 Dungeon Sprint DCSS version 0.27-a0-79-gcaaa221d37 (webtiles) character file.

Game seed: 12207287206277304419

194 rocky1 the Fighter (level 5, 0/63 HPs)
             Began as an Ogre Hunter on Jan 12, 2021.
             Was an Elder of Qazlal.
             Slain by a wolf (4 damage)
             ... in the Dungeon (Sprint VII: "The Pits") on Jan 15, 2021.
             The game lasted 00:05:34 (589 turns).

rocky1 the Fighter (Ogre Hunter)                     Turns: 589, Time: 00:05:35

Health: 0/63       AC:  3    Str: 16    XL:     5   Next: 73%
Magic:  9/9        EV: 12    Int: 12    God:    Qazlal [****..]
Gold:   0          SH:  5    Dex: 10    Spells: 4/4 levels left

rFire    . . .     SeeInvis .   e - +0 hand axe (vorpal)
rCold    . . .     Faith    .   (no shield)
rNeg     . . .     Spirit   .   b - +0 robe
rPois    .         Reflect  .   (helmet restricted)
rElec    .         Harm     .   (no cloak)
rCorr    .         Rampage  .   (gloves unavailable)
Will     .....     NoTele   +   (boots unavailable)
Stlth    +.........             (no amulet)
HPRegen  0.20/turn              (no ring)
MPRegen  0.11/turn              (no ring)

@: repel missiles
A: large, unfitting armour, tough skin 1
a: Renounce Religion, Upheaval, Elemental Force


You were in the Dungeon.
You worshipped Qazlal.
Qazlal was greatly pleased with you.
You visited 1 branch

Inventory:

Hand Weapons
 e - a +0 vorpal hand axe (weapon)
Missiles
 c - 5 large rocks (quivered)
 d - 2 throwing nets
Armour
 b - a +0 robe (worn)
Scrolls
 j - a scroll of blinking
 l - 3 scrolls of remove curse
 m - 5 scrolls of amnesia
 n - a scroll of summoning
Potions
 a - 5 potions of curing
 f - 6 potions of heal wounds
 g - a potion of haste
 h - 4 potions of magic
 i - 3 potions of berserk rage
 k - 2 potions of invisibility


   Skills:
 + Level 8.0 Fighting
 + Level 5.0 Axes
 - Level 4.6 Throwing
 + Level 5.5 Dodging
 - Level 0.6 Stealth
 + Level 5.5 Invocations


You had 4 spell levels left.
You didn't know any spells.
Your spell library was empty.

Dungeon Overview and Level Annotations

Branches:
Dungeon (1/1)

Altars:
Ashenzari
Cheibriados
Dithmenos
Elyvilon
Fedhas
Gozag
Hepliaklqana
Kikubaaqudgha
Makhleb
Nemelex Xobeh
Okawaru
Qazlal
Ru
Sif Muna
Trog
Uskayaw
Vehumet
Wu Jian
Xom
Yredelemnul
Zin
The Shining One
Beogh
Jiyva
Lugonu


Innate Abilities, Weirdness & Mutations

You are too large for most types of armour.
You have tough skin. (AC +1)


Message History

You block the wolf's attack. The wolf bites you!
You miss the wolf.
The wolf is heavily wounded.
The wolf misses you. The wolf bites you.
You hit the wolf.
The wolf is heavily wounded.
The wolf bites you. x2
* * * LOW HITPOINT WARNING * * *
You hit the wolf.
The wolf is severely wounded.
You block the wolf's attack.
You hit the wolf but do no damage.
The wolf is severely wounded.
The wolf bites you!
* * * LOW HITPOINT WARNING * * *
The wolf completely misses you.
You hit the wolf but do no damage.
The wolf is severely wounded.
The wolf bites you.
You die...

#'#####'#####.....
#.#..#..#..##.....
#.#..+..'.÷#####'#
#.##'####)###.....
#.#........##.....
#.#........##.....
#.#####'#####...<.
#.#..[)))..##.....
#@#..[)))..##.....
#h###########.....
#h°.....# ######
#.......#
#...#...# #..##
..# #... .# #....
# #....


You could see a black bear and a wolf.

Vanquished Creatures
  A floating eye (D)
  A jelly (D)
  An iguana (D)
  A gnoll (D)
  A river rat (D)
  A leopard gecko (D)
  A bat zombie (D)
  A giant cockroach (D)
  10 jackals (D)
  A rat (D)
19 creatures vanquished.

Notes
Turn   | Place    | Note
-------+----------+-------------------------------------------
     0 | D        | rocky1 the Ogre Hunter began the quest for the Orb.
     0 | D        | Reached XP level 1. HP: 22/22 MP: 1/1
    18 | D        | Reached skill level 4 in Fighting
    18 | D        | Reached XP level 2. HP: 26/32 MP: 2/2
    57 | D        | Found a bloodstained altar of Trog.
    57 | D        | Found a shimmering blue altar of Sif Muna.
    57 | D        | Found a viscous altar of Jiyva.
    57 | D        | Found a hazy altar of Hepliaklqana.
    57 | D        | Found an opulent altar of Gozag.
    58 | D        | Found a glowing golden altar of the Shining One.
    58 | D        | Found a glowing silver altar of Zin.
    58 | D        | Found a basalt altar of Yredelemnul.
    58 | D        | Found a shimmering altar of Xom.
    58 | D        | Found an ornate altar of the Wu Jian Council.
    58 | D        | Found a sacrificial altar of Ru.
    58 | D        | Found a stormy altar of Qazlal.
    58 | D        | Found an iron altar of Okawaru.
    58 | D        | Found a sparkling altar of Nemelex Xobeh.
    58 | D        | Found a burning altar of Makhleb.
    58 | D        | Found a blossoming altar of Fedhas.
    58 | D        | Found a white marble altar of Elyvilon.
    58 | D        | Found a shadowy altar of Dithmenos.
    58 | D        | Found a snail-covered altar of Cheibriados.
    60 | D        | Found a radiant altar of Vehumet.
    60 | D        | Found a corrupted altar of Lugonu.
    60 | D        | Found a roughly hewn altar of Beogh.
    61 | D        | Found a hide-covered altar of Uskayaw.
    61 | D        | Found an ancient bone altar of Kikubaaqudgha.
    61 | D        | Found a broken altar of Ashenzari.
    69 | D        | Became a worshipper of Qazlal Stormbringer
    93 | D        | Reached * piety under Qazlal
   107 | D        | Reached skill level 1 in Invocations
   116 | D        | Reached ** piety under Qazlal
   117 | D        | Reached skill level 1 in Axes
   125 | D        | Reached skill level 5 in Fighting
   125 | D        | Reached XP level 3. HP: 9/42 MP: 2/4
   127 | D        | Reached *** piety under Qazlal
   507 | D        | Noticed a floating eye
   511 | D        | Killed a floating eye
   511 | D        | Reached **** piety under Qazlal
   512 | D        | Reached skill level 7 in Fighting
   512 | D        | Reached XP level 4. HP: 55/55 MP: 4/7
   512 | D        | Reached XP level 5. HP: 62/62 MP: 4/8
   513 | D        | Upgraded the game from 0.27-a0-75-g9f9dfd16e9 to
                  | 0.27-a0-79-gcaaa221d37
   570 | D        | Reached skill level 5 in Dodging
   570 | D        | Reached skill level 5 in Invocations
   575 | D        | Reached skill level 8 in Fighting
   575 | D        | Reached skill level 5 in Axes
   575 | D        | Noticed a wolf
   575 | D        | Noticed a black bear
   589 | D        | Slain by a wolf

Illustrated notes

Levels and vault maps discovered:
D:        pitsprint [storerooms_1, entrance_room_1, metal_vault_2, armoury_2,
          mini_pit_1, grid_room_1, main_hall_1, silver_pit, the_coven_2,
          the_vestibule_1, steel_vault_2, golden_pit, hallway_of_sentries,
          crystal_vault_4, iron_vault_2, final_vault]

Skill      XL: |  1  2  3  4  5 |
---------------+----------------+-----
Fighting       | 4 5 7 8 |  8.0
Dodging        | 2 3 4 5 |  5.5
Invocations    | 2 4 5 |  5.5
Axes           | 1 4 5 |  5.0
Throwing       | |  4.6
Stealth        | |  0.6

Action                   |  1- 3 |  4- 6 || total
-------------------------+-------+-------++-------
Melee: Hand axe          |    49 |    20 ||    69
Throw: Large rock        |     2 |       ||     2
  Use: Potion            |     1 |       ||     1
Armor: Robe              |    23 |     3 ||    26
Dodge: Dodged            |    38 |     9 ||    47
Block: Other             |     9 |    11 ||    20

Table legend: (Time is in decaauts)
 A = Elapsed time spent in this place.
 B = Non-inter-level travel time spent in this place.
 C = Inter-level travel time spent in this place.
 D = Time resting spent in this place.
 E = Time spent auto-exploring this place.
 F = Levels seen in this place.
 G = Mean time per level.
                   A        B        C        D        E       F      G
               +--------+--------+--------+--------+--------+-----+--------+
         Total |    602 |    602 |      0 |    360 |      0 |   1 |  602.0 |
       Dungeon |    602 |    602 |      0 |    360 |      0 |   1 |  602.0 |
               +--------+--------+--------+--------+--------+-----+--------+

Top non-repeatable levels by time:
       D: 602 daAuts
